AoeStats
← |GaoeG| flamingo

Arena

509441780Analyzed
2v2 RM · 5d ago on Sep 26, 2026· 56m 51s· 4 players
Game mode
Random Map
Map size
Medium (4 player)
Population
200
Speed
Normal
Resources
Standard
Victory
Conquest
Starting age
Dark Age
Ending age
Imperial Age
RankedLock teamsTeams togetherTeam positionsShared explorationLock speedFull tech treeHidden civsTurbo modeCheats
Victory
Defeat
🇮🇪 Turks · Ireland
1359
+15
🇺🇸 Dravidians · United States
1351
+16
🇪🇸 Bulgarians · Spain
1388
-17
🇪🇸 Spanish · Spain
1299
-14
|GaoeG| flamingo
11:22 Feudal Age
14:47 Castle Age
12:35 Double-Bit Axe
12:54 Horse Collar
16:10 Bow Saw
16:04 Heavy Plow
23:16 Wheelbarrow
23:08 Devotion
23:29 Loom
24:17 Padded Archer Armor
25:55 Leather Archer Armor
25:46 Scale Barding Armor
27:51 Bloodlines
27:41 Husbandry
28:18 Hand Cart
28:41 Chain Barding Armor
30:23 Forging
31:39 Iron Casting
31:04 Gold Mining
30:39 Light Cavalry
35:20 Stone Mining
48:44 Imperial Age
47:45 Thumb Ring
47:04 Elite Skirmisher
48:41 Ballistics
49:26 Cavalier
51:11 Fletching
51:52 Ring Archer Armor
51:17 Paladin
52:34 Plate Barding Armor
52:48 Bodkin Arrow
53:02 Paladin
56:33 Blast Furnace
JITANOmaleant7
8:06 Loom
11:12 Feudal Age
14:57 Castle Age
13:03 Double-Bit Axe
13:07 Horse Collar
16:14 Wheelbarrow
17:06 Forging
19:23 Iron Casting
20:12 Scale Mail Armor
23:30 Chain Mail Armor
23:19 Squires
28:10 Bow Saw
28:03 Heavy Plow
31:29 Fletching
32:02 Bodkin Arrow
32:08 Elite Skirmisher
32:55 Padded Archer Armor
33:45 Leather Archer Armor
36:51 Imperial Age
37:08 Thumb Ring
37:47 Bracer
38:28 Bloodlines
38:19 Husbandry
38:43 Ballistics
41:31 Parthian Tactics
41:45 Light Cavalry
41:47 Cavalier
43:39 Scale Barding Armor
44:35 Blast Furnace
44:42 Chemistry
44:26 Chain Barding Armor
46:23 Plate Barding Armor
49:17 Light Cavalry
52:15 Parthian Tactics
52:18 Heavy Cavalry Archer
HardmanGunner
10:04 Feudal Age
14:47 Castle Age
13:18 Double-Bit Axe
17:23 Loom
20:37 Imperial Age
19:54 Padded Archer Armor
20:18 Gold Mining
22:16 Leather Archer Armor
32:05 Ring Archer Armor
38:42 Wheelbarrow
44:21 Bow Saw
43:51 Horse Collar
45:50 Conscription
47:39 Scale Barding Armor
47:45 Forging
48:23 Artillery
49:40 Town Watch
53:36 Chain Barding Armor
53:51 Iron Casting
54:18 Hand Cart
54:04 Town Patrol
55:04 Two-Man Saw
54:05 Heavy Plow
54:41 Gold Shaft Mining
Protein Shake
11:39 Feudal Age
15:28 Castle Age
13:32 Horse Collar
14:13 Double-Bit Axe
16:21 Wheelbarrow
16:06 Loom
17:48 Hand Cart
20:15 Heavy Plow
21:41 Town Watch
28:34 Fletching
29:26 Bodkin Arrow
32:18 Gold Mining
34:12 Fortified Wall
38:30 Imperial Age
36:08 Padded Archer Armor
36:57 Bow Saw
37:58 Bodkin Arrow
38:57 Leather Archer Armor
39:31 Conscription
40:38 Bracer
40:11 Pikeman
40:51 Squires
40:36 Arson
41:47 Ring Archer Armor
41:49 Halberdier
42:59 Wootz Steel
42:44 Scale Mail Armor
42:54 Forging
44:34 Chemistry
43:44 Masonry
45:50 Iron Casting
45:31 Chain Mail Armor
47:35 Blast Furnace
47:06 Plate Mail Armor
49:45 Elite Elephant Archer
51:56 Elite Urumi Swordsman
57:12 Thumb Ring
Connection lost

Rejoining the realm…

Still unreachable

The connection could not be restored.

Session expired

The server has moved on; the page needs a fresh start.